 Dungeon Crawl Stone Soup version 0.28.0-53-g5a82cb258f (webtiles) character file.

Game seed: 3110278267389391975

23 safid the Digger (level 2, 0/16 HPs)
             Began as a Gargoyle Earth Elementalist on Aug 30, 2022.
             Hit by a stone thrown by a goblin (2 damage)
             ... on level 2 of the Dungeon.
             The game lasted 00:01:42 (2027 turns).

safid the Digger (Gargoyle Earth Elementalist)      Turns: 2027, Time: 00:01:43

Health: 0/16       AC:  4    Str: 11    XL:     2   Next: 95%
Magic:  5/5        EV: 12    Int: 15    God:
Gold:   37         SH:  0    Dex: 10    Spells: 4/5 levels left

rFire   . . .      SeeInvis .   h - +0 short sword
rCold   . . .      Faith    .   (no shield)
rNeg    + . .      Spirit   .   b - +0 robe
rPois   ∞          Reflect  .   (no helmet)
rElec   +          Harm     .   (no cloak)
rCorr   .          Rampage  .   (no gloves)
Will    .....                   (no boots)
Stlth   ++........              (no amulet)
HPRegen 0.05/turn               (no ring)
MPRegen 0.09/turn               (no ring)

@: no status effects
A: sickness immunity, AC +2, negative energy resistance 1, electricity
resistance, torment resistance 1, petrification resistance
a: no special abilities


You were on level 2 of the Dungeon.
You visited 1 branch of the dungeon, and saw 2 of its levels.

You collected 37 gold pieces.

Inventory:

Hand Weapons
 e - a +0 whip
 h - a +0 short sword (weapon)
Missiles
 c - 25 stones
Armour
 b - a +0 robe (worn)
Jewellery
 d - an amulet of faith
 k - a ring of flight
 l - an amulet of guardian spirit
Scrolls
 a - a scroll of magic mapping {unknown}
 f - a scroll of enchant weapon {unknown}
 j - a scroll of amnesia {unknown}
Potions
 g - a potion of degeneration {unknown}
 i - a potion of flight {unknown}
 m - a potion of ambrosia {unknown}
 n - 2 potions of might {unknown}


   Skills:
 + Level 1.0 Fighting
 + Level 1.9 Dodging
 - Level 2.1 Stealth
 + Level 2.2 Spellcasting
 - Level 1.0 Transmutations
 + Level 4.0 Earth Magic


You had 4 spell levels left.
You knew the following spells:

 Your Spells              Type           Power      Damage    Failure   Level
a - Sandblast             Erth           26%        2d8       4%          1

Your spell library contained the following spells:

 Spells                   Type           Power      Damage    Failure   Level
 Passwall                 Tmut/Erth      7%         N/A       12%         2
 Stone Arrow              Conj/Erth      14%        3d7       28%         3
 Petrify                  Tmut/Erth      9%         N/A       61%         4


Dungeon Overview and Level Annotations

Branches:
Dungeon (2/15)

Altars:

Annotations:
D:2 Terence


Innate Abilities, Weirdness & Mutations

You are immune to sickness and miasma.
Your stone body is resilient. (AC +2)
You are immune to poison.
You resist negative energy. (rN+)
You are resistant to electric shocks. (rElec)
You are resistant to unholy torment.
You are immune to petrification.


Message History

You are too injured to fight recklessly!
You are too injured to fight recklessly!
You are too injured to fight recklessly!
You are too injured to fight recklessly!
You are too injured to fight recklessly!
You are too injured to fight recklessly!
You hit the bat but do no damage.
The bat is severely wounded.
The bat hits you but does no damage.
You hit the bat.
You kill the bat!
Your Earth Magic skill increases to level 4!
You see here a bat corpse.
Magic restored.
HP restored.
A kobold comes into view. It is wielding a +0 club.
The kobold shouts!
You hear a shout!
Terence the Incautious comes into view.
He is wielding a +0 falchion.
A goblin comes into view. It is wielding a +0 club.
A quokka comes into view.
The kobold hits you with a +0 club.
You closely miss Terence. The goblin hits you but does no damage.
Terence closely misses you. The kobold barely misses you.
You hit Terence but do no damage. The goblin hits you with a +0 club.
Terence closely misses you. The kobold hits you with a +0 club.
A goblin comes into view. It is wielding a +0 dagger.
The goblin completely misses you.
You hit Terence.
Terence is lightly wounded.
Terence hits you with a +0 falchion. The kobold hits you with a +0 club.
The goblin closely misses you.
You are too injured to fight recklessly!
You are too injured to fight recklessly!
You are too injured to fight recklessly!
Unknown command.
Terence hits you with a +0 falchion.
* * * LOW HITPOINT WARNING * * *
The goblin throws a stone.
The stone hits you but does no damage.
The goblin throws a stone.
The stone hits you.
You die...

....<...# #...............#
..[.....####......†........#
.....<.....'........>......#
......#...##...............#
......#.#.##...............#
......#.#.##.......#'#####.#
..........##.......#.#
#...###.#.##...#####.#####.#
#... #+####....@.......(..#
.##. ............########
.........@..........
...##.......########
..........#r........
.#........#.######## ...
#........#.# ....
#.......gg.#
....####..........#


You could see Terence, a quokka and 2 goblins.

Vanquished Creatures
  5 endoplasms (D:1)
  A giant cockroach (D:1)
  A goblin (D:1)
  2 hobgoblins (D:1)
  2 kobolds
  A quokka (D:1)
  3 ball pythons
  4 bats
  A rat (D:1)
20 creatures vanquished.

Notes
Turn   | Place    | Note
-------+----------+-------------------------------------------
     0 | D:1      | safid the Gargoyle Earth Elementalist began the quest for
                  | the Orb.
     0 | D:1      | Reached XP level 1. HP: 10/10 MP: 3/3
   277 | D:1      | Reached skill level 1 in Transmutations
   277 | D:1      | Reached XP level 2. HP: 4/16 MP: 3/5
   837 | D:1      | Found a faded altar of an unknown god.
  1609 | D:1      | Reached skill level 1 in Fighting
  1831 | D:2      | Reached skill level 4 in Earth Magic
  1999 | D:2      | Noticed Terence
  2027 | D:2      | Hit by a stone thrown by a goblin

Illustrated notes

Levels and vault maps discovered:
D:1:      elethiomel_arrival_maze, layout_basic,
          hellmonk_ecumenical_altar_leap_of_faith
D:2:      layout_basic, grunt_decor_arrowhead, uniq_terence

Skill      XL: |  1  2 |
---------------+-------+-----
Transmutations | 1 |  1.0
Fighting       | 1 |  1.0
Earth Magic    | 4 |  4.0
Dodging        | |  1.9
Stealth        | |  2.1
Spellcasting   | |  2.2

Action                   || total
-------------------------++-------
Melee: Unarmed           ||    15
       Whip              ||    33
       Short sword       ||    37
       Punch             ||     1
 Cast: Sandblast         ||     8
 Stab: Sleeping          ||     5
Armor: Robe              ||    44
Dodge: Dodged            ||    65
